AoeStats
← TheGreatKING

Hideout

509606917Analyzed
1v1 RM · 5d ago on Sep 27, 2026· 24m 3s· 2 players
Game mode
Random Map
Map size
Tiny (2 player)
Population
200
Speed
Normal
Resources
Standard
Victory
Conquest
Starting age
Dark Age
Ending age
Imperial Age
RankedLock teamsTeams togetherTeam positionsShared explorationLock speedFull tech treeHidden civsTurbo modeCheats
Victory
Defeat
🇹🇷 Cumans · Türkiye
1093
+15
🇬🇧 Huns · United Kingdom
1070
-15
Juancho Talarga
10:38 Feudal Age
15:00 Castle Age
13:47 Stone Mining
14:09 Double-Bit Axe
20:55 Fletching
TheGreatKING
0:29 Loom
12:14 Feudal Age
13:03 Double-Bit Axe
20:03 Castle Age
Connection lost

Rejoining the realm…

Still unreachable

The connection could not be restored.

Session expired

The server has moved on; the page needs a fresh start.